AoeStats
← _Orca_

Pilgrims

509820186Analyzed
4v4 RM · 2d ago on Sep 28, 2026· 41m 13s· 8 players
Game mode
Random Map
Map size
Large (8 player)
Population
200
Speed
Normal
Resources
Standard
Victory
Conquest
Starting age
Dark Age
Ending age
Imperial Age
RankedLock teamsTeams togetherTeam positionsShared explorationLock speedFull tech treeHidden civsTurbo modeCheats
Victory
Defeat
🇨🇴 Spanish · Colombia
1335
+12
🇨🇴 Byzantines · Colombia
1309
+13
🇨🇳 Slavs · China
1296
+14
🇧🇷 Celts · Brazil
1285
+15
🇧🇩 Armenians · Bangladesh
1357
-17
🇨🇳 Varangians · China
1247
-13
🇺🇸 Berbers · United States
1207
-12
🇨🇴 Dravidians · Colombia
1204
-12
Felinha
10:01 Feudal Age
15:17 Castle Age
20:32 Loom
20:51 Double-Bit Axe
25:49 Scale Mail Armor
27:47 Town Watch
29:27 Stone Mining
29:53 Bow Saw
30:57 Chain Mail Armor
30:52 Forging
31:38 Wheelbarrow
35:17 Hand Cart
39:21 Arson
38:57 Pikeman
39:23 Gambesons
43:45 Imperial Age
The Monad
3:33 Loom
11:56 Feudal Age
12:42 Double-Bit Axe
12:48 Horse Collar
17:59 Wheelbarrow
20:15 Castle Age
18:23 Fletching
20:16 Crossbowman
21:27 Bodkin Arrow
23:15 Ballistics
23:47 Padded Archer Armor
24:52 Wheelbarrow
26:15 Bow Saw
34:06 Imperial Age
31:49 Gold Mining
31:50 Stone Mining
32:41 Treadmill Crane
33:54 Leather Archer Armor
34:58 Bracer
34:20 Arbalester
36:22 Chemistry
36:00 Hand Cart
36:56 Ring Archer Armor
37:03 Thumb Ring
38:37 Guilds
39:19 Heavy Plow
40:48 Two-Man Saw
40:00 Elite Varangian Guard
40:55 Scale Mail Armor
41:06 Forging
40:58 Squires
40:44 Arson
41:36 Conscription
maxwell54
6:52 Loom
12:02 Feudal Age
13:20 Town Watch
16:00 Castle Age
14:15 Double-Bit Axe
27:16 Horse Collar
32:05 Imperial Age
30:18 Gold Mining
30:54 Bow Saw
31:54 Heavy Plow
32:58 Fletching
35:07 Elite Conquistador
36:47 Padded Archer Armor
36:43 Bodkin Arrow
37:36 Conscription
39:09 Bracer
40:35 Leather Archer Armor
41:34 Two-Man Saw
40:57 Scale Barding Armor
42:15 Ring Archer Armor
41:56 Forging
FakerMarTin
13:12 Feudal Age
13:40 Fishing Lines
13:46 Double-Bit Axe
16:48 Castle Age
16:11 Loom
18:15 Gillnets
18:52 Bow Saw
18:26 Horse Collar
19:00 Fletching
19:49 Bodkin Arrow
28:41 Pikeman
31:05 Heavy Plow
33:45 Scale Mail Armor
37:03 Detinets
40:35 Wheelbarrow
41:00 Gold Mining
Phantom_JH
3:32 Loom
12:03 Feudal Age
13:59 Gold Mining
21:13 Castle Age
20:11 Horse Collar
21:31 Bloodlines
21:28 Fletching
21:55 Scale Barding Armor
22:57 Husbandry
26:56 Forging
28:14 Heavy Plow
35:05 Chain Barding Armor
37:44 Wheelbarrow
𒉭BEHELIT𒉭
9:12 Loom
12:22 Feudal Age
13:48 Double-Bit Axe
14:02 Gold Mining
14:20 Fishing Lines
17:11 Fletching
22:08 Castle Age
22:58 Medium Warships
23:04 Bow Saw
23:32 Wheelbarrow
23:38 Caravan
24:02 Gillnets
28:51 Man-at-Arms
30:12 Long Swordsman
30:38 Gambesons
31:38 Hand Cart
33:25 Padded Archer Armor
33:20 Bodkin Arrow
33:48 Crossbowman
35:14 Leather Archer Armor
36:01 Thumb Ring
39:16 Imperial Age
37:08 Ballistics
39:41 Town Watch
39:49 Arbalester
41:55 Chemistry
40:57 Bracer
球球拳
12:18 Feudal Age
13:49 Double-Bit Axe
16:22 Castle Age
14:09 Loom
14:55 Gold Mining
14:55 Stone Mining
17:16 Town Watch
19:10 Bow Saw
21:07 Wheelbarrow
21:13 Forging
21:47 Scale Barding Armor
25:31 Bloodlines
25:53 Husbandry
27:38 Chain Barding Armor
27:55 Iron Casting
27:32 Fishing Lines
30:35 Medium Warships
32:01 Gillnets
_Orca_
9:00 Loom
10:46 Feudal Age
11:58 Double-Bit Axe
11:55 Horse Collar
12:01 Fishing Lines
12:01 Man-at-Arms
12:27 Arson
13:24 Long Swordsman
16:29 Scale Mail Armor
16:40 Forging
22:02 Castle Age
24:19 Castle Age
26:44 Fletching
27:15 Town Watch
28:05 Wheelbarrow
27:42 Bow Saw
27:34 Heavy Plow
27:29 Gold Mining
28:27 Squires
29:04 Two-Handed Swordsman
29:29 Gambesons
30:03 Hand Cart
Connection lost

Rejoining the realm…

Still unreachable

The connection could not be restored.

Session expired

The server has moved on; the page needs a fresh start.